 Dungeon Crawl Stone Soup version 0.29.1-1-gd02db6906a (webtiles) character file.

Game seed: 3779979231123821087

34 fireball365 the Digger (level 3, -2/26 HPs)
             Began as a Demigod Earth Elementalist on Oct 5, 2022.
             Slain by a frilled lizard (3 damage)
             ... on level 2 of the Dungeon.
             The game lasted 00:06:49 (1144 turns).

fireball365 the Digger (Demigod Earth Elementalist) Turns: 1144, Time: 00:06:50

Health: -2/26      AC:  8    Str:  9    XL:     3   Next: 1%
Magic:  6/8        EV:  4    Int: 21    God:
Gold:   35         SH:  0    Dex: 14    Spells: 5/6 levels left

rFire   . . .      SeeInvis .   q - +0 short sword
rCold   . . .      Faith    .   (no shield)
rNeg    . . .      Spirit   .   s - +0 chain mail
rPois   .          Reflect  .   (no helmet)
rElec   .          Harm     .   (no cloak)
rCorr   .          Rampage  .   (no gloves)
Will    +....                   (no boots)
Stlth   ..........              (no amulet)
HPRegen 0.08/turn               m - ring of willpower
MPRegen 0.11/turn               p - ring of flight

@: flying
A: high MP 1, forlorn, divine attributes
a: no special abilities


You were on level 2 of the Dungeon.
You visited 1 branch of the dungeon, and saw 2 of its levels.

You collected 35 gold pieces.

Inventory:

Hand Weapons
 g - a +0 dagger
 i - a +0 dagger
 q - a +0 short sword (weapon)
Missiles
 c - 61 stones
 e - 4 poisoned darts
Armour
 a - a +0 robe
 j - a +0 leather armour
 s - a +0 chain mail (worn)
Jewellery
 m - a ring of willpower (left hand)
 p - a ring of flight (right hand)
Scrolls
 f - 2 scrolls of silence {unknown}
 h - a scroll of teleportation {unknown}
 k - 2 scrolls of poison {unknown}
 l - a scroll of torment {unknown}
 n - a scroll of summoning {unknown}
 o - a scroll of acquirement {unknown}
Potions
 b - a potion of magic
 d - 2 potions of lignification {unknown}
 r - a potion of flight {unknown}


   Skills:
 + Level 0.1 Short Blades
 + Level 2.1 Dodging
 + Level 1.9 Stealth
 + Level 2.1 Spellcasting
 + Level 0.8 Transmutations
 + Level 3.4 Earth Magic


You had 5 spell levels left.
You knew the following spells:

 Your Spells              Type           Power      Damage    Failure   Level
a - Sandblast             Erth           32%        2d9       99%         1

Your spell library contained the following spells:

 Spells                   Type           Power      Damage    Failure   Level
 Passwall                 Tmut/Erth      9%         N/A       100%        2
 Confusing Touch          Hex            2%         N/A       100%        3
 Stone Arrow              Conj/Erth      18%        3d8       100%        3
 Petrify                  Tmut/Erth      11%        N/A       100%        4
 Yara's Violent Unravell  Hex/Tmut       2%         3d3       100%        5
 Enfeeble                 Hex            1%         N/A       100%        7


Dungeon Overview and Level Annotations

Branches:
Dungeon (2/15)


Innate Abilities, Weirdness & Mutations

You have an increased reservoir of magic. (+10% MP)
You shall have no god before yourself.
Your divine heritage dramatically boosts your attributes as you level up.


Message History

You are no longer poisoned.
The adder bites you but does no damage. x2
You miss the adder.
The adder is almost dead.
The adder completely misses you.
You barely miss the adder.
The adder is almost dead.
The adder bites you.
* * * LOW HITPOINT WARNING * * *
The adder bites you but does no damage.
You hit the adder.
You kill the adder!
Your Dodging skill increases to level 2!
You have reached level 3!
Your experience leads to a dramatic increase in your attributes!
Increase (S)trength, (I)ntelligence, or (D)exterity?
You feel clever. x4
A kobold and a frilled lizard come into view.
The kobold shouts!
An endoplasm comes into view.
The endoplasm quivers.
The endoplasm hits you but does no damage.
Your magical contamination has completely faded away.
The endoplasm hits you but does no damage.
The endoplasm barely misses you. The kobold hits you but does no damage.
The frilled lizard barely misses you. The endoplasm attacks as you move away!
The endoplasm hits you but does no damage.
The frilled lizard attacks as you move away!
The frilled lizard bites you but does no damage.
The frilled lizard attacks as you move away!
The frilled lizard barely misses you.
The frilled lizard attacks as you move away!
The frilled lizard bites you but does no damage.
You see here an adder corpse.
The endoplasm attacks as you move away! The endoplasm hits you.
* * * LOW HITPOINT WARNING * * *
The frilled lizard attacks as you move away!
The frilled lizard bites you.
You die...

.....#### #.#.# #>.......
##.#.# ###.#..$. ..#.#
...... ##.#.# #####..# ##
#.... ...#..#♣..#.# #...#
##.#.....P..<
#...######....<♣......
#........KJ@....P~~P.#
#............l.#P...~~~.#
#.##...#.##.##.#..~♣~~~♣#
# #...#.##.##.#..~~~♣~P#
#...#.##.##.#P~♣~~~~.#
#...#.##.##.#.~~~~.. #
#........##.#..~~~..P
............#


You could see an endoplasm, a kobold and a frilled lizard.

Vanquished Creatures
  An adder (D:2)
  An endoplasm (D:1)
  7 goblins (D:1)
  2 hobgoblins (D:1)
  3 ball pythons
  3 bats (D:1)
  2 frilled lizards
  5 kobolds (D:1)
  2 rats (D:1)
26 creatures vanquished.

Vanquished Creatures (others)
  A plant (D:2)
1 creature vanquished.

Grand Total: 27 creatures vanquished

Notes
Turn   | Place    | Note
-------+----------+-------------------------------------------
     0 | D:1      | fireball365 the Demigod Earth Elementalist began the quest
                  | for the Orb.
     0 | D:1      | Reached XP level 1. HP: 14/14 MP: 5/5
   254 | D:1      | Reached skill level 3 in Earth Magic
   394 | D:1      | Reached XP level 2. HP: 20/20 MP: 4/7
  1125 | D:2      | HP: 1/20 [adder (1)]
  1127 | D:2      | Reached XP level 3. HP: 2/26 MP: 4/8
  1144 | D:2      | HP: 1/26 [endoplasm (2)]
  1144 | D:2      | Slain by a frilled lizard

Illustrated notes

Levels and vault maps discovered:
D:1:      minmay_arrival_shattered_statue, layout_rooms, eino_curves_01
D:2:      layout_loops_ring, hellmonk_ecumenical_altar_crossroads,
          serial_bayou_pond_a, kennysheep_minor_cross, uniq_natasha

Skill      XL: |  1  2 |
---------------+-------+-----
Earth Magic    | 3 |  3.4
Spellcasting   | 2 |  2.1
Dodging        | 2 |  2.1
Short Blades   | |  0.1
Stealth        | |  1.9
Transmutations | |  0.8

Action                   || total
-------------------------++-------
Melee: Unarmed           ||     1
       Short sword       ||    29
 Cast: Sandblast         ||    27
Armor: Robe              ||     1
       Chain mail        ||    36
Dodge: Dodged            ||    16
